 Dungeon Crawl Stone Soup version 0.29-a0-993-g4a18f31a58 (webtiles) character file.

Game seed: 7503322581598867976

650 Sobieck the Sneak (level 7, 0/24 (36) HPs)
             Began as a Vine Stalker Brigand on Aug 2, 2022.
             Slain by a wight
             ... wielding a +4 mace
              (10 damage)
             ... on level 4 of the Dungeon.
             The game lasted 00:09:58 (4051 turns).

Sobieck the Sneak (Vine Stalker Brigand)            Turns: 4051, Time: 00:09:59

HP:   0/24 (36)     AC:  3    Str: 13    XL:     7   Next: 53%
MP:   0/8           EV: 13    Int: 11    God:
Gold: 254           SH:  0    Dex: 18    Spells: 6/6 levels left

rFire   . . .      SeeInvis .   L - +0 rapier {short}
rCold   + . .      Faith    .   (no shield)
rNeg    . . .      Spirit   +   f - +0 robe
rPois   .          Reflect  .   (no helmet)
rElec   .          Harm     .   c - +0 cloak
rCorr   .          Rampage  .   (no gloves)
Will    .....                   (no boots)
Stlth   ++++......              n - amulet of regeneration {@e2}
HPRegen 1.68/turn               o - ring of protection from cold
MPRegen 0.11/turn               (no ring)

@: very heavily drained
A: fangs 2, regeneration 1, magic shield, antimagic bite, no potion heal 2
a: no special abilities


You were on level 4 of the Dungeon.
You visited 1 branch of the dungeon, and saw 5 of its levels.
You also visited: Sewer.

You collected 254 gold pieces.


Innate Abilities, Weirdness & Mutations

You have extremely sharp teeth.
Your natural rate of healing is unusually fast.
When hurt, damage is shared between your health and your magic reserves.
Your bite disrupts and absorbs the magic of your enemies.
Potions cannot restore your health.


   Skills:
 + Level 3.6 Fighting
 * Level 4.8 Short Blades
 - Level 2.0 Throwing
 + Level 2.8 Dodging
 + Level 6.7 Stealth


You had 6 spell levels left.
You didn't know any spells.
Your spell library contained the following spells:

 Spells                   Type           Power      Damage    Failure   Level
 Sting                    Tmut/Pois      0%         1d3       34%         1
 Poisonous Vapours        Pois/Air       0%         N/A       47%         2
 Ignite Poison            Fire/Tmut/Pois 0%         N/A       71%         3
 Mephitic Cloud           Conj/Pois/Air  0%         N/A       71%         3
 Animate Dead             Necr           0%         N/A       98%         4
 Olgreb's Toxic Radiance  Pois           0%         N/A       98%         4
 Borgnjor's Vile Clutch   Necr/Erth      0%         N/A       100%        5
 Freezing Cloud           Conj/Ice/Air   0%         6-21      100%        5
 Death Channel            Necr           0%         N/A       100%        6

Inventory:

Hand Weapons
 a - a +2 dagger {short}
 b - a +1 sling
   (You found it on level 1 of the Dungeon)
 z - a +2 hand axe of flaming {axe}
   (You took it off an orc on level 3 of the Dungeon)
 L - a +0 rapier (weapon) {short}
   (You took it off an orc on level 4 of the Dungeon)
 M - a +2 vorpal hand axe {axe}
   (You took it off an orc on level 4 of the Dungeon)
Missiles
 d - 23 poisoned darts (quivered) {throwing}
 e - 6 curare-tipped darts {=fthrowing}
 k - 39 stones {throwing}
 w - 3 silver boomerangs {throwing}
Armour
 c - a +0 cloak (worn)
 f - a +0 robe (worn)
 g - a +0 ring mail
   (You found it on level 1 of the Dungeon)
 l - a +0 robe
   (You took it off a kobold on level 4 of the Dungeon)
 p - a +0 ring mail
   (You found it on level 2 of the Dungeon)
 r - a +0 ring mail
   (You took it off an orc on level 4 of the Dungeon)
 u - a +0 leather armour
   (You found it on level 2 of the Dungeon)
 x - a +0 scale mail
   (You took it off an orc on level 3 of the Dungeon)
 A - a +0 leather armour
   (You took it off an orc on level 3 of the Dungeon)
 B - a +0 robe
   (You took it off an orc wizard on level 3 of the Dungeon)
 D - a +0 robe
   (You took it off an orc wizard on level 3 of the Dungeon)
 E - a +0 robe
   (You found it on level 3 of the Dungeon)
 H - a +0 chain mail
   (You found it on level 3 of the Dungeon)
 J - a scarf of repulsion
   (You found it on level 4 of the Dungeon)
 K - a +0 leather armour
   (You took it off an orc on level 4 of the Dungeon)
 N - a +0 scale mail
   (You took it off an orc on level 4 of the Dungeon)
 Q - a +0 chain mail
   (You found it on level 4 of the Dungeon)
Jewellery
 n - an amulet of regeneration (around neck) {@e2}
   (You found it on level 1 of the Dungeon)
 o - a ring of protection from cold (left hand)
   (You found it on level 2 of the Dungeon)
 F - an amulet of magic regeneration {@e2}
   (You found it on level 3 of the Dungeon)
 O - an amulet of faith {!P}
   (You took it off an orc on level 4 of the Dungeon)
Scrolls
 v - 2 scrolls of fog
 G - 2 scrolls of vulnerability {!r!r}
 I - a scroll of enchant weapon
 P - a scroll of teleportation {@r4}
Potions
 h - a potion of lignification {!q}
 i - 3 potions of curing {@q1}
 m - 2 potions of flight
 q - 2 potions of ambrosia
 s - a potion of mutation {!q}
 t - a potion of brilliance
 C - 2 potions of degeneration {!q@e2}
 R - a potion of heal wounds {@q2}

Dungeon Overview and Level Annotations

Branches:
Dungeon (5/15) Zot: 26348   Sewer (visited)
 Temple: D:4-7

Altars:
Ashenzari
Kikubaaqudgha
Qazlal
The Shining One

Shops:
D:3 [

Annotations:
D:3 1 runed translucent door, Yogidamonk's ghost, weakling MiHu

####.#..# #...### #§#.#.#
#..##.####.#...# ###§#.#.#
#..............# #§§§#.#.#
#..............# #§###.#.#
#...###..####..# #.......#
##..#....####..# #####.###
#..##..÷...#..# #.....#
#..##.....##.z# #.#####
#..^'.._..'..@# #.####
#..##.....##..# #....#
#..##.)...##..# ####.#
#.)##.#'##....# #.#
#.....#.###...# #.#
#.............# #.#
####.............####### #.#
.......................# #.#
####.#################.####.#


You could see a wight.


Message History

Okay, then.
Unknown command.
There is a stone staircase leading down here.
You climb downwards.
Found a broken altar of Ashenzari.
There is a stone staircase leading up here.
Unknown command.
An orc comes into view. It is wielding a +0 mace.
Danger! 2 orcs come into view.
An orc wizard and 2 wights come into view.
A wight comes into view. It is wielding a +0 dagger.
The orc wizard shouts!
You hear a shout!
A quokka comes into view. 2 wights come into view.
The orc shouts! x2
The wight closely misses you.
The wight moves out of view.
Unknown command.
The orc wizard casts a spell.
The orc wizard flickers and vanishes!
Deactivating autopickup; reactivate with Ctrl-A.
The wight attacks as you move away! The wight barely misses you.
There is a stone staircase leading up here.
Unknown command.
The wight hits you with a +4 mace.
You feel drained.
You climb upwards.
Reactivating autopickup.
There is a stone staircase leading down here.
You closely miss the wight. You closely miss the wight.
You bite the wight, but do no damage. The wight barely misses you.
You hit the wight but do no damage. You bite the wight. You drain its power.
You feel invigorated. The wight hits you with a +4 mace!
You feel drained.
You hit the wight. The wight hits you with a +4 mace!
You feel drained.
You hit the wight but do no damage. You bite the wight, but do no damage.
The wight closely misses you.
You closely miss the wight.
Unknown command.
You barely miss the wight. The wight misses you.
You barely miss the wight. Your bite misses the wight.
The wight barely misses you.
You hit the wight. You bite the wight, but do no damage.
The wight barely misses you.
You hit the wight. Your bite misses the wight.
Unknown command.
You barely miss the wight. Your bite misses the wight.
The wight barely misses you.
You hit the wight. Your bite misses the wight.
The wight hits you with a +4 mace!
You feel drained.
* * * LOW HITPOINT WARNING * * *
You hit the wight. Your bite misses the wight. The wight closely misses you.
Unknown command.
You closely miss the wight. You hit the wight but do no damage.
You bite the wight, but do no damage. The wight hits you with a +4 mace!
* * * LOW HITPOINT WARNING * * *
You feel drained.
* * * LOW HITPOINT WARNING * * *
Okay, then.
Unknown command.
You fade into invisibility!
The wight hits you with a +4 mace!
* * * LOW HITPOINT WARNING * * *
Unknown command.
L - a +0 rapier (weapon)
{short} Unknown command.
Unknown command.
Unknown command.
Unknown command.
You flicker for a moment.
You flicker back into view.
Done exploring.
Done exploring.
Unknown command.
A wight is nearby!
Danger!
Unknown command.
No target in view!
No target in view!
Danger!
You see here a +0 club {mace}.
There is an open door here.
There is an open door here.
You hit the wight. Your bite misses the wight. The wight closely misses you.
The wight hits you with a +4 mace.
You feel drained.
You hit the wight. You bite the wight, but do no damage.
The wight hits you with a +4 mace!
You feel drained.
You hit the wight. You bite the wight, but do no damage.
The wight barely misses you.
You hit the wight but do no damage. The wight hits you with a +4 mace!
Ouch! That really hurt!
* * * LOW HITPOINT WARNING * * *
You hit the wight. You bite the wight, but do no damage.
The wight hits you with a +4 mace!
You die...

Skill      XL: |  1  2  3  4  5  6 |
---------------+-------------------+-----
Short Blades   | 2 3 4 |  4.8
Dodging        | 1 2 |  2.8
Stealth        | 5 6 |  6.7
Throwing       | 2 |  2.0
Fighting       | 2 3 |  3.6

Action                   |  1- 3 |  4- 6 |  7- 9 || total
-------------------------+-------+-------+-------++-------
Melee: Dagger            |    58 |   250 |    98 ||   406
       Bite              |    17 |    85 |    36 ||   138
       Punch             |     1 |     3 |     1 ||     5
       Rapier            |       |       |     5 ||     5
 Fire: Sling             |    56 |    39 |       ||    95
  Use: Scroll            |       |    14 |     3 ||    17
       Potion            |       |       |     1 ||     1
 Stab: Sleeping          |     1 |     6 |     2 ||     9
       Distracted        |       |       |     1 ||     1
Armor: Robe              |    10 |    25 |     7 ||    42
Dodge: Dodged            |    42 |   128 |    49 ||   219

Levels and vault maps discovered:
D:1:      beargit_arrival_diablo_church, layout_basic
D:2:      layout_rooms, hellmonk_ecumenical_altar_leap_of_faith
D:3:      layout_basic, nicolae_qazlal_general_emergency,
          lemuel_zombie_altar_kikubaaqudgha, ebering_ghost_reflecting_pool,
          serial_shops, nicolae_shop_behind_doors, uniq_natasha
D:4:      layout_basic, nicolae_tso_besieged_by_evil, gup_sewer_entry_spiral,
          enter_ossuary_3
D:5:      layout_cave_pools, ashenzari_conservatory_becter, zin_scriptorium,
          serial_shops, shop, due_unseen_surprise, uniq_pikel

Notes
Turn   | Place    | Note
-------+----------+-------------------------------------------
     0 | D:1      | Sobieck the Vine Stalker Brigand began the quest for the
                  | Orb.
     0 | D:1      | Reached XP level 1. HP: 11/11 MP: 2/2
   243 | D:1      | Reached skill level 2 in Short Blades
   243 | D:1      | Reached XP level 2. HP: 14/15 MP: 3/3
   257 | D:1      | Reached skill level 1 in Dodging
   402 | D:1      | Reached skill level 5 in Stealth
   438 | D:1      | Reached skill level 2 in Throwing
   465 | D:1      | Reached skill level 2 in Fighting
   626 | D:1      | Reached XP level 3. HP: 11/18 MP: 2/4
  1199 | D:2      | Gained mutation: Your natural rate of healing is unusually
                  | fast. [Vine Stalker growth]
  1199 | D:2      | Reached XP level 4. HP: 21/23 MP: 5/5
  1330 | D:2      | You pick up a book of Unlife and begin reading...
  1330 | D:2      | You add the spells Animate Dead, Borgnjor's Vile Clutch and
                  | Death Channel to your library.
  1522 | D:2      | Found a faded altar of an unknown god.
  1606 | D:3      | Found a stormy altar of Qazlal.
  1655 | D:3      | Reached skill level 3 in Short Blades
  1662 | D:3      | Reached XP level 5. HP: 8/27 MP: 1/6
  1813 | D:3      | Found a runed translucent door.
  1821 | D:3      | Found Foteo's Antique Armour Shoppe.
  1888 | D:3      | Reached skill level 2 in Dodging
  2004 | D:3      | Noticed Natasha
  2016 | D:3      | Killed Natasha
  2061 | D:3      | Reached XP level 6. HP: 32/32 MP: 5/7
  2125 | D:3      | Found an ancient bone altar of Kikubaaqudgha.
  2198 | D:3      | Noticed Natasha
  2210 | D:3      | Killed Natasha
  2247 | D:3      | Noticed Yogidamonk's ghost (weakling MiHu)
  2258 | D:3      | Noticed Natasha
  2269 | D:3      | Killed Natasha
  2270 | D:3      | Reached skill level 3 in Fighting
  2270 | D:3      | Reached skill level 6 in Stealth
  2466 | D:4      | You add the spells Ignite Poison, Mephitic Cloud and
                  | Freezing Cloud to your library.
  2526 | D:4      | Reached skill level 4 in Short Blades
  2747 | D:4      | Found a glowing drain.
  2751 | Sewer    | Entered a sewer
  3336 | D:4      | Reached XP level 7. HP: 36/36 MP: 8/8
  3587 | D:4      | Found a glowing golden altar of the Shining One.
  3638 | D:4      | You add the spells Sting, Poisonous Vapours and Olgreb's
                  | Toxic Radiance to your library.
  3923 | D:5      | Entered Level 5 of the Dungeon
  3923 | D:5      | Found a broken altar of Ashenzari.
  3951 | D:4      | HP: 7/29 [wight/+4 mace (8)]
  3952 | D:4      | HP: 1/27 [wight/+4 mace (6)]
  4051 | D:4      | Slain by a wight

Vanquished Creatures
  An ogre (D:4)
  A phantom (D:4)
  A jelly (D:4)
  An orc priest (D:3)
  Natasha (thrice) (D:3)
  2 iguanas (D:4)
  2 orc wizards (D:3)
  A gnoll (D:1)
  3 river rats
  10 adders
  2 white imps
  A worm (D:4)
  A dart slug (D:1)
  13 orcs
  4 bats
  7 endoplasms
  3 giant cockroaches
  7 goblins
  6 hobgoblins
  5 jackals
  5 kobolds
  4 quokkas
  7 ball pythons
  6 frilled lizards (Sewer)
  A goblin skeleton (D:4)
  A goblin zombie (D:4)
  2 hobgoblin zombies (D:4)
  3 kobold skeletons (D:4)
  12 rats
  2 rat zombies (D:3)
117 creatures vanquished.

Table legend:
 A = Non-vault XP
 B = Vault XP
 C = Vault XP percentage of total XP
 D = Non-vault monster count
 E = Vault monster count
 F = Vault count percentage of total count
                 A         B        C        D         E       F
            +---------+---------+-------+---------+---------+-------
      Total |     756 |     173 |  18.6 |      80 |      37 |  31.6
            +---------+---------+-------+---------+---------+-------
        D:1 |      60 |       0 |   0.0 |      27 |       0 |   0.0
        D:2 |      65 |       0 |   0.0 |      10 |       0 |   0.0
        D:3 |     239 |      38 |  13.7 |      20 |       3 |  13.0
        D:4 |     392 |      42 |   9.7 |      23 |      14 |  37.8
      Sewer |       0 |      93 | 100.0 |       0 |      20 | 100.0
            +---------+---------+-------+---------+---------+-------

Illustrated notes

Table legend:
 A = Kills in this place as a percentage of kills in entire the game.
 B = Kills by you in this place as a percentage of kills by you in the entire game.
 C = Kills by friends in this place as a percentage of kills by friends in the entire game.
 D = Other kills in this place as a percentage of other kills in the entire game.
 E = Experience gained in this place as a percentage of experience gained in the entire game.
 F = Experience gained in this place divided by the number of levels of this place that you have seen.
                   A       B       C       D       E      F
               +-------+-------+-------+-------+-------+----------------------
         Total | 100.0 | 100.0 |   N/A |   N/A | 100.0 | 154.8
       Dungeon |  82.9 |  82.9 |   N/A |   N/A |  90.0 | 167.2
         Sewer |  17.1 |  17.1 |   N/A |   N/A |  10.0 |  93.0
               +-------+-------+-------+-------+-------+----------------------

Table legend: (Time is in decaauts)
 A = Elapsed time spent in this place.
 B = Non-inter-level travel time spent in this place.
 C = Inter-level travel time spent in this place.
 D = Time resting spent in this place.
 E = Time spent auto-exploring this place.
 F = Levels seen in this place.
 G = Mean time per level.
                   A        B        C        D        E       F      G
               +--------+--------+--------+--------+--------+-----+--------+
         Total |   4103 |   3922 |    181 |     70 |   2689 |   6 |  683.8 |
       Dungeon |   3650 |   3469 |    181 |     70 |   2419 |   5 |  730.0 |
         Sewer |    453 |    453 |      0 |      0 |    269 |   1 |  453.0 |
               +--------+--------+--------+--------+--------+-----+--------+

Top non-repeatable levels by time:
     D:4: 1303 daAuts
     D:1: 1135 daAuts
     D:3: 748 daAuts
   Sewer: 453 daAuts
     D:2: 450 daAuts
     D:5: 12 daAuts
